 Dungeon Crawl Stone Soup version 0.20.1-1-g8b1a95d (webtiles) character file.

8634 Internecine the Quickloader (level 11, -7/87 HPs)
             Began as a Yellow Draconian Hunter on Oct 4, 2017.
             Was a Follower of Okawaru.
             Killed by Ozocubu's Refrigeration
             ... invoked by Fannar
              (19 damage)
             ... on level 10 of the Dungeon.
             The game lasted 01:47:06 (11931 turns).

Internecine the Quickloader (DrHu)                 Turns: 11931, Time: 01:47:15

Health: -7/87      AC: 11    Str: 16 (17) XL:     11   Next: 12%
Magic:  11/17      EV: 18    Int: 12      God:    Okawaru [*.....]
Gold:   363        SH:  0    Dex: 13      Spells: 18/18 levels left

rFire    + . .     SeeInvis +   y - +8 dagger of Dim Light {speed, rF+}
rCold    . . .     Gourm    .   (no shield)
rNeg     . . .     Faith    .   (armour unavailable)
rPois    .         Spirit   .   H - +2 hat
rElec    .         Reflect  .   E - +1 cloak
rCorr    +         Harm     .   (no gloves)
MR       +....                  (no boots)
Stlth    ++++......             (no amulet)
Regen    0.3/turn               u - ring of protection from magic
MPRegen  0.2/turn               w - ring of see invisible

@: mighty, heroism, slowed, very slow
A: spit acid, acid resistance, unfitting armour, big wings, claws 1, blurry
vision 1, clumsy 1, frail 1, weak 1, cold-blooded, MP-powered wands, AC +7
a: Breathe Acid, Fly, Heroism, Renounce Religion


You were on level 10 of the Dungeon.
You worshipped Okawaru.
Okawaru was aware of your devotion.
You were not hungry.

You visited 2 branches of the dungeon, and saw 11 of its levels.

You collected 363 gold pieces.

Inventory:

Hand Weapons
 a - a +4 hand crossbow
 b - a +0 vampiric dagger
 g - a cursed +4 battleaxe
 i - a +4 shortbow
 l - a cursed +1 falchion
 y - the +8 dagger of Dim Light (weapon) {speed, rF+}
   (You found it on level 4 of the Dungeon)

   Attacks with this weapon are significantly faster.
   It protects you from fire.
 B - a +0 shortbow
 G - a +2 flail of holy wrath
 L - a +0 scimitar of flaming
Missiles
 c - 15 bolts
 f - 174 arrows
 h - 267 stones
 p - 105 sling bullets
 v - 26 poisoned needles
 D - 14 javelins (quivered)
Armour
 E - a +1 cloak (worn)
 H - a +2 hat (worn)
Jewellery
 o - an uncursed ring of protection from cold
 q - an uncursed ring of protection from cold
 u - a ring of protection from magic (left claw)
 w - a ring of see invisible (right claw)
Wands
 m - a wand of lightning (4/15)
 z - a wand of lightning (0/15)
 M - a wand of acid (2/15)
 N - a wand of random effects (33/48)
Scrolls
 e - 5 scrolls of remove curse
 k - a scroll of random uselessness {unknown}
 C - 3 scrolls of identify {unknown}
 J - a scroll of recharging {unknown}
 K - a scroll of blinking {unknown}
Potions
 r - a potion of heal wounds {unknown}
 t - a potion of flight {unknown}
 x - a potion of cancellation {unknown}
 A - a potion of brilliance {unknown}
 F - a potion of mutation {unknown}
 I - a potion of ambrosia {unknown}
Miscellaneous
 j - a fan of gales
Comestibles
 d - 5 bread rations
 s - 3 meat rations
 O - 4 chunks of flesh


   Skills:
 * Level 9.1(14.1) Fighting
 * Level 5.4(10.4) Short Blades
 + Level 1.2(6.2) Maces & Flails
 * Level 4.3(9.3) Bows
 + Level 10.1(15.1) Crossbows
 + Level 1.1(6.1) Throwing
 * Level 5.2(10.2) Dodging
 + Level 3.9(8.9) Stealth
 * Level 4.2 Spellcasting
 + Level 0.4 Invocations
 + Level 0.6 Evocations


You had 18 spell levels left.
You didn't know any spells.

Dungeon Overview and Level Annotations

Branches:
Dungeon (10/15)            Temple (1/1) D:4
   Lair: D:8-11         Orc: D:9-12

Altars:
Ashenzari
Cheibriados
Dithmenos
Elyvilon
Fedhas
Gozag
Hepliaklqana
Kikubaaqudgha
Nemelex Xobeh
Okawaru
Ru
Sif Muna
Trog
Uskayaw
Vehumet
Xom
Yredelemnul
Zin

Annotations:
D:7 veneficus's ghost, novice MiFi
D:10 Fannar


Innate Abilities, Weirdness & Mutations

You can spit globs of acid.
You are resistant to acid.
Your golden yellow scales are hard. (AC +7)
You cannot fit into any form of body armour.
You are cold-blooded and may be slowed by cold attacks.
Your large and strong wings let you fly indefinitely.
You have sharp fingernails.
Scrolls take you a little longer to read.
You are clumsy. (Dex -2)
You are frail. (-10% HP)
You are weak. (Str -2)
You expend magic power (3 MP) to strengthen your wands.


Message History

You feel yourself speed up.
Fannar casts a spell.
Fannar drains the heat from the surrounding environment!
You feel very cold.
* * * LOW HITPOINT WARNING * * *
You feel yourself slow down.
Fannar is frozen.
Fannar resists.
Fannar is almost dead.
You gain the combat prowess of a mighty hero.
Fannar hits you with a quarterstaff of freezing.
* * * LOW HITPOINT WARNING * * *
You feel as though you will be slow longer.
Fannar freezes you.
* * * LOW HITPOINT WARNING * * *
It was a potion of might.
You feel very mighty all of a sudden. Fannar barely misses you.
Fannar gestures wildly while chanting.
Fannar drains the heat from the surrounding environment!
You feel very cold.
You die...

### #.. #.# ##### ######.#
#...# #######...##.# ####
#...# #.....'...##.#
.....####...#####.#####...##.#
........'...e@....).>.........
........#...##....########.#.#
.....(..#...##.#####.......#.#
........##+###.# ###...[...#.#
#..(!...# #.###.........#.#
(........ #...'.........#.#
("...T... #####.....#####..
......... #.....# ###
.......... #.....#


You could see Fannar.

Vanquished Creatures
  Erica (D:10)
  A two-headed ogre (D:9)
  A gargoyle (D:10)
  A troll (D:10)
  The ghost of Internecine the Bolt Thrower, an amateur DrHu (D:5)
  3 hippogriffs
  2 wyverns (D:9)
  A wraith (D:10)
  A steam dragon (D:8)
  5 yaks (D:10)
  A water moccasin (D:6)
  Duvessa (D:7)
  2 orc warriors
  5 sky beasts
  An eye of draining (D:9)
  5 ogres
  2 ice beasts
  2 phantoms
  A necrophage (D:5)
  6 centaurs
  4 bullfrogs
  Dowan (D:7)
  A wyvern zombie (D:10)
  5 scorpions
  10 killer bees
  4 wights (D:9)
  2 howler monkeys
  2 crimson imps (D:5)
  A centaur zombie (D:9)
  3 hounds
  A quasit (D:9)
  2 bullfrog zombies
  4 orc priests
  A centaur skeleton (D:9)
  3 iguanas
  Natasha (D:3)
  6 orc wizards
  8 worker ants
  A hound skeleton (D:7)
  A worker ant zombie (D:8)
  A howler monkey skeleton (D:5)
  15 adders
  A shadow imp (D:5)
  An adder skeleton (D:7)
  An adder zombie (D:8)
  2 dart slugs
  4 leopard geckos
  33 orcs
  4 ball pythons
  6 giant cockroaches
  6 goblins
  7 hobgoblins
  10 jackals
  4 kobolds
  7 quokkas
  6 bats
  6 frilled lizards
  A quokka zombie (D:5)
  6 rats
  A withered plant (D:5)
226 creatures vanquished.

Vanquished Creatures (others)
  An orc warrior (D:8)
  An adder skeleton (D:8)
  An orc (D:8)
3 creatures vanquished.

Grand Total: 229 creatures vanquished

Notes
Turn   | Place    | Note
-------+----------+-------------------------------------------
     0 | D:1      | Internecine the Draconian Hunter began the quest for the Orb.
     0 | D:1      | Reached XP level 1. HP: 17/17 MP: 1/1
   222 | D:1      | Reached skill level 4 in Crossbows
   314 | D:1      | Reached XP level 2. HP: 24/24 MP: 2/2
   794 | D:2      | Reached XP level 3. HP: 14/29 MP: 3/3
  1406 | D:2      | Reached skill level 1 in Stealth
  1678 | D:2      | Reached XP level 4. HP: 29/37 MP: 4/4
  1826 | D:3      | Reached skill level 5 in Crossbows
  2470 | D:3      | Noticed Natasha
  2483 | D:3      | Killed Natasha
  2732 | D:3      | Reached XP level 5. HP: 44/44 MP: 5/5
  2798 | D:4      | Got a slimy dagger
  2799 | D:4      | Identified the +8 dagger of Dim Light {speed, rF+} (You found it on level 4 of the Dungeon)
  2813 | D:4      | Noticed a phantom
  2820 | D:5      | Entered Level 5 of the Dungeon
  2902 | D:5      | Noticed Internecine's ghost (amateur DrHu)
  2922 | D:5      | Killed Internecine's ghost
  2922 | D:5      | Reached skill level 1 in Maces & Flails
  2922 | D:5      | Reached skill level 6 in Crossbows
  2922 | D:5      | Reached XP level 6. HP: 26/52 MP: 6/6
  3115 | D:4      | Your scales start taking on a golden yellow colour.
  3115 | D:4      | Reached XP level 7. HP: 41/59 MP: 7/7
  3291 | D:4      | Found a white marble altar of Elyvilon.
  3573 | D:4      | Found a shimmering altar of Xom.
  3573 | D:4      | Found a deep blue altar of Sif Muna.
  3606 | D:4      | Found a glowing silver altar of Zin.
  3606 | D:4      | Found a shimmering altar of Xom.
  3606 | D:4      | Found a snail-covered altar of Cheibriados.
  3699 | D:4      | Found a staircase to the Ecumenical Temple.
  3711 | D:4      | Reached skill level 7 in Crossbows
  3832 | D:5      | Reached skill level 1 in Short Blades
  4084 | D:5      | Reached XP level 8. HP: 65/67 MP: 8/8
  4122 | D:5      | Reached skill level 1 in Throwing
  4155 | D:5      | Found an ancient bone altar of Kikubaaqudgha.
  4689 | D:5      | Reached skill level 5 in Fighting
  4695 | D:5      | Reached skill level 8 in Crossbows
  5477 | D:6      | Gained mutation: Scrolls take you a little longer to read. [mutagenic meat]
  5478 | D:6      | Gained mutation: You expend magic power (3 MP) to strengthen your wands. [mutagenic meat]
  5480 | D:6      | Gained mutation: You are clumsy. (Dex -2) [mutagenic meat]
  5490 | D:6      | Found a sparkling altar of Nemelex Xobeh.
  5872 | D:6      | Found a blossoming altar of Fedhas.
  6055 | D:6      | Reached XP level 9. HP: 74/74 MP: 10/10
  6148 | D:6      | Found a radiant altar of Vehumet.
  6178 | D:6      | Reached skill level 1 in Spellcasting
  6406 | D:7      | Noticed Dowan
  6408 | D:7      | Noticed Duvessa
  6411 | D:7      | Reached skill level 9 in Crossbows
  6745 | D:7      | Killed Duvessa
  6746 | D:7      | Noticed veneficus's ghost (novice MiFi)
  7207 | D:7      | Killed Dowan
  7744 | D:8      | Reached skill level 1 in Bows
  7842 | D:9      | Noticed a two-headed ogre
  7853 | D:9      | Killed a two-headed ogre
  7853 | D:9      | Reached XP level 10. HP: 42/86 MP: 12/14
  8111 | D:10     | Entered Level 10 of the Dungeon
  8669 | Temple   | Entered the Ecumenical Temple
  8758 | Temple   | Became a worshipper of Warmaster Okawaru
  8922 | D:7      | HP: 4/88 [poisoned by a killer bee]
  8927 | D:7      | HP: 2/88 [poisoned by a killer bee]
  8933 | D:7      | HP: 2/88 [poisoned by a killer bee]
  8941 | D:7      | HP: 2/88 [poisoned by a killer bee]
  9515 | D:8      | Found a white marble altar of Elyvilon.
  9767 | D:8      | Reached skill level 5 in Short Blades
 10068 | D:9      | Reached skill level 10 in Crossbows
 10336 | D:9      | Found a bloodstained altar of Trog.
 10881 | D:9      | Gained mutation: You have sharp fingernails. [mutagenic meat]
 10882 | D:9      | Gained mutation: You are frail. (-10% HP) [mutagenic meat]
 10883 | D:9      | Gained mutation: Your large and strong wings let you fly indefinitely. [mutagenic meat]
 10884 | D:9      | Gained mutation: You are weak. (Str -2) [mutagenic meat]
 10996 | D:10     | Noticed a gargoyle
 11019 | D:10     | Killed a gargoyle
 11019 | D:10     | Reached * piety under Okawaru
 11151 | D:10     | Reached skill level 5 in Dodging
 11154 | D:10     | Noticed Erica
 11174 | D:10     | Killed Erica
 11174 | D:10     | Reached XP level 11. HP: 12/85 MP: 15/17
 11820 | D:10     | Noticed Fannar
 11931 | D:10     | Killed from afar by Fannar

Skill      XL: |  1  2  3  4  5  6  7  8  9 10 11 |
---------------+----------------------------------+-----
Crossbows      | 4 5 6 7 8 9 10 | 10.1
Stealth        | 1 2 3 |  3.9
Fighting       | 3 4 5 7 8 9 |  9.1
Dodging        | 2 3 4 5 |  5.2
Maces & Flails | 1 |  1.2
Short Blades   | 1 3 4 5 |  5.4
Throwing       | 1 |  1.1
Spellcasting   | 2 4 |  4.2
Bows           | 1 4 |  4.3
Invocations    | |  0.4
Evocations     | |  0.6

Action                   |  1- 3 |  4- 6 |  7- 9 | 10-12 || total
-------------------------+-------+-------+-------+-------++-------
Melee: Short sword       |     2 |    11 |       |       ||    13
       Flail             |       |     7 |       |       ||     7
       Tailslap          |       |     7 |    20 |    36 ||    63
       Dagger            |       |    33 |   190 |   270 ||   493
       Punch             |       |       |       |     3 ||     3
 Fire: Hand crossbow     |   109 |    94 |   250 |   124 ||   577
       Shortbow          |       |       |       |    48 ||    48
Throw: Stone             |       |     7 |     6 |       ||    13
       Javelin           |       |       |       |     2 ||     2
Invok: Heroism           |       |       |       |     6 ||     6
 Abil: Breathe Acid      |       |       |     3 |     3 ||     6
Evoke: Wand              |       |       |     3 |     2 ||     5
  Use: Scroll            |     1 |     2 |     6 |     4 ||    13
       Potion            |       |       |       |     3 ||     3
  Eat: Chunk             |     2 |     5 |    13 |     8 ||    28
       Fruit             |       |       |     3 |       ||     3
       Royal jelly       |       |       |     2 |       ||     2
       Meat ration       |       |       |       |     2 ||     2
Armor: Skin              |    20 |    25 |    46 |    49 ||   140
Dodge: Dodged            |    41 |    43 |   107 |    98 ||   289
